 Dungeon Crawl Stone Soup version 0.29.1-2-gbd0b4ee654 (webtiles) character file.

Game seed: 1699648912644334865

102 qeuew the Shooter (level 4, -12/23 HPs)
             Began as a Spriggan Hunter on Nov 3, 2022.
             Killed by divine providence
             ... invoked by an orc priest
              (16 damage)
             ... on level 3 of the Dungeon.
             The game lasted 00:02:43 (1740 turns).

qeuew the Shooter (Spriggan Hunter)                 Turns: 1740, Time: 00:02:43

Health: -12/23     AC:  2    Str:  7    XL:     4   Next: 49%
Magic:  5/5        EV: 18    Int: 10    God:
Gold:   81         SH:  5    Dex: 20    Spells: 3/3 levels left

rFire   . . .      SeeInvis +   a - +0 shortbow
rCold   . . .      Faith    .   (shield currently unavailable)
rNeg    . . .      Spirit   .   c - +0 robe
rPois   .          Reflect  +   (helmet restricted)
rElec   .          Harm     .   (no cloak)
rCorr   .          Rampage  .   (gloves unavailable)
Will    .....                   (boots unavailable)
Stlth   +++.......              j - amulet of reflection
HPRegen 0.07/turn               (no ring)
MPRegen 0.09/turn               (no ring)

@: very quick
A: very small, no large weapons, unfitting armour, see invisible, speed 3
a: no special abilities


You were on level 3 of the Dungeon.
You visited 1 branch of the dungeon, and saw 3 of its levels.

You collected 105 gold pieces.
You spent 24 gold pieces at shops.

Inventory:

Hand Weapons
 a - a +0 shortbow (weapon)
 b - a +0 short sword
Armour
 c - a +0 robe (worn)
Jewellery
 j - an amulet of reflection (around neck)
Scrolls
 d - 2 scrolls of teleportation
 f - a scroll of noise {unknown}
Potions
 e - a potion of heal wounds
 g - a potion of curing


   Skills:
 + Level 2.0 Fighting
 + Level 1.0 Short Blades
 * Level 4.9 Ranged Weapons
 + Level 3.5 Dodging
 + Level 3.3 Stealth


You had 3 spell levels left.
You didn't know any spells.
Your spell library contained the following spells:

 Spells                   Type           Power      Damage    Failure   Level
 Sublimation of Blood     Necr           0%         N/A       50%         2
 Wereblood                Tmut           0%         N/A       50%         2
 Petrify                  Tmut/Erth      0%         N/A       98%         4
 Irradiate                Conj/Tmut      0%         3d11      100%        5
 Summon Hydra             Summ           0%         N/A       100%        7


Dungeon Overview and Level Annotations

Branches:
Dungeon (3/15)

Altars:

Shops:
D:1 ?


Innate Abilities, Weirdness & Mutations

You are very small and have problems with some larger weapons.
You are too small for most types of armour.
You have supernaturally acute eyesight. (SInv)
You cover ground extremely quickly. (Speed+++)


Message History

The orc wizard is heavily wounded.
There are monsters nearby!
You shoot an arrow. The arrow barely misses the orc wizard.
The orc wizard gestures at you while chanting.
You easily resist.
You shoot an arrow. The arrow hits the orc.
The orc is severely wounded.
You shoot an arrow. The arrow hits the orc!
You kill the orc!
You block Terence's attack.
You shoot an arrow. The arrow hits Terence!
Terence is heavily wounded.
Terence hits you with a +0 mace.
You shoot an arrow. The arrow closely misses Terence.
Terence barely misses you. Terence hits you with a +0 mace.
You shoot an arrow. The arrow hits Terence!
You kill Terence!
Your Short Blades skill increases to level 1!
You shoot an arrow. The arrow barely misses the orc wizard.
You shoot an arrow. The arrow barely misses the orc.
You shoot an arrow.
The arrow hits the orc but does no damage.
An orc priest comes into view. It is wielding a +0 hand axe.
The orc hits you with a +0 short sword.
The orc priest calls down the wrath of Beogh upon you.
Pain shoots through your body!
Ouch! That really hurt!
* * * LOW HITPOINT WARNING * * *
You block the orc's attack.
Okay, then.
Fire: a) +0 shortbow
Press: ? - help, Q - select action Shift-Dir - straight line, f/p - orc
Aim: an orc, wielding a +0 short sword and wearing a +0 leather armour (65% to hit)
You shoot an arrow.
The arrow hits the orc priest but does no damage.
The orc priest calls upon Beogh to heal something.
The orc priest mumbles some strange prayers to Beogh against you.
Beogh smites you!
Ouch! That really hurt!
You die...

##.#.#...##...
#.#.#...# . #.#
#.#.#...# #.#
#.#.#...# #.#
#.#.#...# #.#
#.#.†.#.### #.#
#.#####...# .#.#
#.......#.# .#.#
#########.# .#@#
.# #.###.#.# .#
#..##.#.# .#
##..#.#.# .#
##.#.#.# o###
##.....# ...
#......#######)#
#......o.o...oo#
#........>.#####


You could see an orc priest.

Vanquished Creatures
  Terence (D:3)
  3 gnolls (D:2)
  2 adders (D:2)
  A worm (D:3)
  An orc (D:3)
  3 bats
  2 endoplasms
  A giant cockroach (D:2)
  2 goblins (D:2)
  4 hobgoblins
  A kobold (D:2)
  A quokka (D:2)
  5 ball pythons
  2 frilled lizards (D:2)
  2 rats
31 creatures vanquished.

Notes
Turn   | Place    | Note
-------+----------+-------------------------------------------
     0 | D:1      | qeuew the Spriggan Hunter began the quest for the Orb.
     0 | D:1      | Reached XP level 1. HP: 10/10 MP: 2/2
   470 | D:1      | Found Yvvowudd's Magic Scroll Shop.
   478 | D:1      | Bought a scroll of identify for 24 gold pieces
   675 | D:2      | Reached XP level 2. HP: 15/15 MP: 3/3
   694 | D:2      | Reached XP level 3. HP: 18/18 MP: 4/4
   996 | D:2      | Found a faded altar of an unknown god.
  1493 | D:2      | Reached XP level 4. HP: 16/23 MP: 5/5
  1714 | D:3      | Noticed Terence
  1723 | D:3      | Killed Terence
  1724 | D:3      | Reached skill level 1 in Short Blades
  1740 | D:3      | Killed from afar by an orc priest

Illustrated notes

Levels and vault maps discovered:
D:1:      lemuel_arrival_cross, layout_basic, serial_shops, shop
D:2:      layout_basic, hellmonk_ecumenical_altar_heavens_door
D:3:      layout_basic, uniq_terence

Skill      XL: |  1  2  3  4 |
---------------+-------------+-----
Stealth        | 2 3 |  3.3
Dodging        | 3 |  3.5
Fighting       | 2 |  2.0
Short Blades   | 1 |  1.0
Ranged Weapons | |  4.9

Action                   |  1- 3 |  4- 6 || total
-------------------------+-------+-------++-------
Melee: Short sword       |    10 |       ||    10
 Fire: Shortbow          |    72 |    20 ||    92
  Use: Scroll            |     2 |     2 ||     4
       Potion            |       |     1 ||     1
Armor: Robe              |     1 |       ||     1
Dodge: Dodged            |    24 |     2 ||    26
Block: Other             |       |     2 ||     2
